 Dungeon Crawl Stone Soup version 0.28.0-43-g3370ac3207 (webtiles) character file.

Game seed: 17122905191971224776

14 yunder69 the Cutter (level 2, 0/28 HPs)
             Began as a Kobold Berserker on Mar 23, 2022.
             Was a Follower of Trog.
             Succumbed to an adder's poison
             ... on level 2 of the Dungeon.
             The game lasted 00:01:44 (1172 turns).

yunder69 the Cutter (Kobold Berserker)              Turns: 1172, Time: 00:01:45

Health: 0/28       AC:  2    Str: 14    XL:     2   Next: 55%
Magic:  2/2        EV: 14    Int:  8    God:    Trog [*.....]
Gold:   48         SH:  0    Dex: 14    Spells: 1/1 levels left

rFire   . . .      SeeInvis .   a - +0 short sword
rCold   . . .      Faith    .   (no shield)
rNeg    . . .      Spirit   .   b - +0 animal skin
rPois   .          Reflect  .   (no helmet)
rElec   .          Harm     .   (no cloak)
rCorr   .          Rampage  .   (no gloves)
Will    .....                   (no boots)
Stlth   ..........              (no amulet)
HPRegen 0.09/turn               (no ring)
MPRegen 0.08/turn               (no ring)

@: berserking, lethally poisoned (0 -> -12), very quick
A: small, no large weapons, nightstalker 3
a: Renounce Religion, Berserk


You were on level 2 of the Dungeon.
You worshipped Trog.
Trog was aware of your devotion.
You visited 1 branch of the dungeon, and saw 2 of its levels.

You collected 48 gold pieces.

Inventory:

Hand Weapons
 a - a +0 short sword (weapon)
Armour
 b - a +0 animal skin (worn)
Scrolls
 f - 2 scrolls of fog
Potions
 c - a potion of lignification
 h - a potion of brilliance {unknown}


   Skills:
 + Level 3.5 Fighting
 + Level 4.5 Short Blades
 + Level 1.7 Armour
 + Level 2.4 Dodging
 + Level 0.1 Stealth


You had one spell level left.
You didn't know any spells.
Your spell library was empty.

Dungeon Overview and Level Annotations

Branches:
Dungeon (2/15)

Altars:
Beogh

Shops:
D:2 (


Innate Abilities, Weirdness & Mutations

You are small and have problems with some larger weapons.
You are completely attuned to the shadows.


Message History

You closely miss the adder.
The adder is moderately wounded.
You feel sick. The adder misses you.
You are too injured to fight recklessly!
A red film seems to cover your vision as you go berserk!
You feel yourself moving faster!
You feel mighty!
You feel sick. The adder completely misses you. The adder closely misses you.
You are too injured to fight recklessly!
You are too injured to fight recklessly!
You are too injured to fight recklessly!
You are too injured to fight recklessly!
You closely miss the adder.
The adder is moderately wounded.
You feel sick.
You hit the adder.
The adder is severely wounded.
You feel sick. The adder bites you.
* * * LOW HITPOINT WARNING * * *
You are lethally poisoned!
The adder poisons you!
You miss the adder.
The adder is severely wounded.
* * * LOW HITPOINT WARNING * * *
You feel sick. The adder misses you.
You barely miss the adder.
The adder is severely wounded.
* * * LOW HITPOINT WARNING * * *
You feel sick. The adder barely misses you.
You barely miss the adder.
The adder is severely wounded.
* * * LOW HITPOINT WARNING * * *
You feel sick. The adder bites you.
* * * LOW HITPOINT WARNING * * *
You are more poisoned.
The adder poisons you!
Okay, then.
You are too berserk!
You barely miss the adder.
The adder is severely wounded.
You die...

........
.......#
.......#
....S..#
....@..#
.......#
####...#
#...#
######..##
#....#..##.
##....#.....
#.).........
#.....#.##..
..#.....


You could see an adder.

Vanquished Creatures
  2 endoplasms
  A goblin (D:1)
  2 kobolds (D:1)
  2 quokkas (D:1)
  A ball python (D:1)
  A bat (D:1)
  2 frilled lizards
  3 rats
14 creatures vanquished.

Notes
Turn   | Place    | Note
-------+----------+-------------------------------------------
     0 | D:1      | yunder69 the Kobold Berserker began the quest for the Orb.
     0 | D:1      | Reached XP level 1. HP: 14/14 MP: 1/1
   213 | D:1      | Reached XP level 2. HP: 10/19 MP: 2/2
   814 | D:1      | Found a faded altar of an unknown god.
  1091 | D:2      | Found Leucri's Antique Weapon Shop.
  1171 | D:2      | HP: 1/28 [adder (2)]
  1172 | D:2      | Succumbed to an adder's poison

Illustrated notes

Levels and vault maps discovered:
D:1:      saegor_arrival_simple_a, layout_loops_cross,
          hellmonk_ecumenical_altar_defaced_shrine
D:2:      layout_basic, serial_shops, nicolae_shop_overgrown_old_shop,
          corexii_corridor_pit

Action                   || total
-------------------------++-------
Melee: Short sword       ||    43
Invok: Berserk           ||     2
  Use: Scroll            ||     5
 Stab: Sleeping          ||     6
Armor: Animal skin       ||     3
Dodge: Dodged            ||    26
